 Dungeon Crawl Stone Soup version 0.24-a0-459-g225fefd530 (webtiles) character file.

Game seed: 6023428692889618789

150 Azzok the Chopper (level 5, 0/46 HPs)
             Began as a Deep Dwarf Fighter on June 30, 2019.
             Killed by nerve-wracking pain
             ... invoked by an orc priest
              (9 damage)
             ... on level 3 of the Dungeon.
             The game lasted 00:03:19 (1933 turns).

Azzok the Chopper (Deep Dwarf Fighter)              Turns: 1933, Time: 00:03:20

Health: 0/46       AC: 12    Str: 20    XL:     5   Next: 10%
Magic:  4/4        EV:  7    Int:  9    God:
Gold:   112        SH:  9    Dex: 12    Spells: 4/4 levels left

rFire    . . .     SeeInvis .   g - +0 dagger (venom)
rCold    . . .     Gourm    .   c - +0 shield
rNeg     . . .     Faith    .   s - +3 scale mail
rPois    .         Spirit   .   k - +0 helmet
rElec    .         Reflect  .   r - +0 cloak
rCorr    .         Harm     .   (no gloves)
MR       .....                  (no boots)
Stlth    ..........             (no amulet)
HPRegen  0.00/turn              (no ring)
MPRegen  0.09/turn              (no ring)

@: non-regenerating
A: damage resistance, heal wounds, sense surroundings 1, no regeneration
a: Heal Wounds


You were on level 3 of the Dungeon.
You were not hungry.

You visited 1 branch of the dungeon, and saw 3 of its levels.

You collected 112 gold pieces.

Inventory:

Hand Weapons
 a - a +0 war axe
 g - a +0 dagger of venom (weapon)
Armour
 c - a +0 shield (worn)
 k - a +0 helmet (worn)
 r - a +0 cloak (worn)
 s - a +3 scale mail (worn)
Wands
 u - a wand of polymorph (1)
Scrolls
 b - 3 scrolls of identify
 l - 2 scrolls of magic mapping {unknown}
 m - a scroll of immolation {unknown}
 n - a scroll of enchant weapon {unknown}
 t - a scroll of remove curse {unknown}
Potions
 d - a potion of might
 h - a potion of haste {unknown}
 i - 2 potions of ambrosia {unknown}
 o - 2 potions of resistance {unknown}
 p - a potion of curing {unknown}
 q - 2 potions of agility
 v - a potion of heal wounds {unknown}
Comestibles
 f - 2 rations


   Skills:
 - Level 2.6 Fighting
 * Level 5.0 Axes
 + Level 4.5 Armour
 - Level 3.2 Shields


You had 4 spell levels left.
You didn't know any spells.
Your spell library was empty.

Dungeon Overview and Level Annotations

Branches:
Dungeon (3/15)

Altars:


Innate Abilities, Weirdness & Mutations

You are resistant to damage.
You can heal yourself by infusing magical energy.
You passively map a small area around you.
You do not regenerate.


Message History

You closely miss the orc. You block the orc's attack.
You closely miss the orc.
The orc priest invokes the aid of Beogh against you.
Beogh smites you! The orc hits you but does no damage.
You hit the orc.
The orc is severely wounded.
You are no longer poisoned.
The orc priest casts a cantrip, but nothing happens.
You block the orc's attack.
You barely miss the orc.
The orc is severely wounded.
The orc barely misses you.
You hit the orc.
You kill the orc!
The orc priest calls down the wrath of Beogh upon you.
Pain shoots through your body!
* * * LOW HITPOINT WARNING * * *
The orc priest calls down the wrath of Beogh upon you.
Pain shoots through your body!
You die...

░◦ ▒·▒ ◦ ▒·▒ ◦
░ ░▒·▒ ░ ◦ ◦
▒·▒ ◦ ◦ ◦ ◦ ░ ░
▒·▒ ░ ░ ░ ░ ░
░◦▒·▒ ◦ ◦▒·▒ ▒◦
▒·▒▒▒▒▒▒▒▒·▒·▒◦
◦▒······)@o···▒
░ ░
▒▒▒▒▒▒▒▒▒▒·▒▒▒
◦◦ ◦░ ░ ··◦ ░ ░
◦ ▒▒░


You could see an orc priest.

Vanquished Creatures
  Jessica (D:2)
  An orc wizard (D:3)
  A worker ant (D:3)
  3 adders (D:2)
  3 orcs (D:3)
  3 ball pythons
  4 bats
  A giant cockroach (D:1)
  3 goblins
  9 hobgoblins
  2 jackals (D:1)
  4 kobolds
  2 quokkas (D:2)
  2 frilled lizards (D:1)
  5 rats
44 creatures vanquished.

Notes
Turn   | Place    | Note
-------+----------+-------------------------------------------
     0 | D:1      | Azzok the Deep Dwarf Fighter began the quest for the Orb.
     0 | D:1      | Reached XP level 1. HP: 20/20 MP: 1/1
   155 | D:1      | Reached XP level 2. HP: 24/27 MP: 2/2
   322 | D:1      | Reached skill level 3 in Axes
  1089 | D:2      | Reached XP level 3. HP: 24/33 MP: 3/3
  1281 | D:2      | Noticed Jessica
  1312 | D:2      | Killed Jessica
  1312 | D:2      | Reached skill level 4 in Axes
  1351 | D:2      | Reached XP level 4. HP: 10/40 MP: 4/4
  1924 | D:3      | Reached skill level 5 in Axes
  1924 | D:3      | Reached XP level 5. HP: 30/46 MP: 4/4
  1933 | D:3      | Killed from afar by an orc priest

Levels and vault maps discovered:
D:1:      kilobyte_arrival_exit_the_forest, layout_loops_corners
D:2:      layout_basic, uniq_jessica
D:3:      kennysheep_big_flooded_room, layout_basic, grunt_gozag_statues,
          gammafunk_ghost_grave

Skill      XL: |  1  2  3  4 |
---------------+-------------+-----
Axes           | 3 4 5 |  5.0
Armour         | 4 |  4.5
Fighting       | |  2.6
Shields        | |  3.2

Action                   |  1- 3 |  4- 6 || total
-------------------------+-------+-------++-------
Melee: Dagger            |    94 |    58 ||   152
       War axe           |     3 |       ||     3
       Unarmed           |    13 |       ||    13
 Abil: Heal Wounds       |       |     1 ||     1
  Use: Scroll            |       |     4 ||     4
  Eat: Chunk             |     1 |     2 ||     3
Armor: Scale mail        |    37 |    26 ||    63
Dodge: Dodged            |    34 |     9 ||    43
Block: Shield            |    40 |    23 ||    63

Table legend:
 A = Non-vault XP
 B = Vault XP
 C = Vault XP percentage of total XP
 D = Non-vault monster count
 E = Vault monster count
 F = Vault count percentage of total count
                 A         B        C        D         E       F
            +---------+---------+-------+---------+---------+-------
      Total |     178 |      37 |  17.2 |      43 |       1 |   2.3
            +---------+---------+-------+---------+---------+-------
        D:1 |      36 |       0 |   0.0 |      21 |       0 |   0.0
        D:2 |      64 |      37 |  36.6 |      17 |       1 |   5.6
        D:3 |      78 |       0 |   0.0 |       5 |       0 |   0.0
            +---------+---------+-------+---------+---------+-------
